Map: Jagannatha LE

Players

freebuttouch

  • Race: Zerg Zerg
  • League: Diamond

IamDepth - Winner!

  • Race: Protoss Protoss
  • League: Diamond

VOD

Have the link to the VOD?

Description

Time

  • Played on: Aug. 26, 2021, 7:24 p.m.
  • Length: 16:06
Show
View Real Time Build Order
Export as new Build Order

freebuttouch Zerg 

Build Orders: Pool First 

Get SALT Encoding   

  12  0:19  Spawning Pool  
  11  0:21  Drone  
  11  0:27  Drone  
  13  0:30  Drone  
  14  0:40  Overlord  
  14  1:06  Zergling x2  
  14  1:07  Zergling x4  
  17  1:20  Hatchery  
  17  1:22  Drone  
  17  1:28  Drone  
  18  1:34  Extractor  
  18  1:39  Drone  
  18  1:49  Drone  
  19  2:02  Drone  
  20  2:14  Drone  
  20  2:28  Drone  
  19  2:30  Hatchery  
  19  2:32  Overlord  
  19  2:36  Drone  
  19  2:40  Queen  
  21  2:45  Overlord  
  21  2:47  Drone  
  22  3:00  Drone x2  
  22  3:01  Queen  
  22  3:05  Drone  
  27  3:09  Drone  
  28  3:15  Metabolic Boost  
  28  3:18  Zergling x2  
  29  3:26  Zergling x4  
  32  3:27  Zergling x2  
  32  3:33  Spore Crawler  
  31  3:36  Drone  
  31  3:41  Drone  
  33  3:43  Drone  
  33  3:46  Spore Crawler  
  33  3:50  Drone x2  
  33  3:51  Drone  
  33  3:54  Drone  
  37  4:09  Drone  
  38  4:12  Drone x6  
  44  4:17  Lair  
  44  4:19  Drone  
  44  4:21  Drone  
  47  4:31  Zergling x2  
  47  4:32  Zergling x6  
  47  4:33  Overlord  
  47  4:37  Overlord  
  50  4:39  Overlord  
  50  4:51  Queen  
  52  4:59  Zergling x10  
  58  5:00  Zergling x6  
  58  5:16  Drone x3  
  58  5:19  Drone  
  62  5:22  Drone x2  
  60  5:50  Drone x5  
  60  5:51  Drone  
  60  5:52  Spore Crawler  
  60  5:54  Overlord x4  
  61  6:01  Overlord  
  61  6:02  Overlord  
  61  6:05  Drone x2  
  63  6:11  Drone x2  
  63  6:16  Drone x3  
  68  6:24  Drone x4  
  72  6:26  Hatchery  
  72  6:28  Drone  
  72  6:30  Queen x2, Extractor  
  72  6:31  Hatchery, Queen, Extractor  
  72  6:32  Extractor  
  74  6:41  Drone x3  
  74  6:46  Drone, Extractor  
  77  6:48  Extractor  
  77  6:51  Drone x2  
  77  6:52  Drone  
  77  6:54  Drone x2  
  81  7:04  Drone  
  81  7:05  Drone x2  
  84  7:24  Roach Warren  
  84  7:25  Evolution Chamber  
  84  7:26  Evolution Chamber  
  84  7:28  Infestation Pit  
  80  7:30  Drone x3  
  80  7:31  Drone x2  
  80  7:32  Drone x2  
  80  7:33  Drone x5, Hydralisk Den  
  89  7:53  Spore Crawler  
  89  7:55  Drone x12  
  89  7:56  Queen x2  
  89  7:57  Queen x3  
  106  8:03  Drone  
  106  8:04  Drone x7  
  111  8:13  Drone x5  
  111  8:19  Spore Crawler  
  115  8:20  Extractor  
  115  8:22  Extractor  
  115  8:23  Drone, Hydralisk x5  
  115  8:25  Zerg Missile Weapons Level 1  
  115  8:26  Zerg Ground Armor Level 1, Glial Reconstitution  
  124  8:28  Muscular Augments  
  124  8:29  Overlord  
  124  8:31  Spore Crawler, Overlord  
  124  8:32  Queen  
  124  8:33  Overlord  
  125  8:34  Overlord  
  125  9:06  Hydralisk x7  
  125  9:07  Hydralisk  
  141  9:30  Overlord x7  
  141  9:31  Overlord x13  
  141  9:42  Hatchery  
  141  9:45  Grooved Spines  
  140  9:47  Hive  
  140  9:48  Queen  
  140  9:49  Roach  
  140  9:50  Roach x9  
  140  9:51  Roach  
  164  9:57  Hydralisk  
  164  9:58  Hydralisk x3  
  164  9:59  Hydralisk  
  172  10:01  Hydralisk  
  172  10:03  Hydralisk  
  172  10:05  Hydralisk  
  180  10:19  Drone  
  180  10:20  Drone x5, Hydralisk  
  180  10:21  Hydralisk x3  
  194  10:31  Pneumatized Carapace  
  194  10:32  Burrow  
  194  10:33  Hydralisk x2  
  198  10:41  Spore Crawler x2  
  196  10:43  Spore Crawler  
  171  11:19  Hydralisk x5  
  171  11:20  Hydralisk x15  
  187  11:32  Hydralisk  
  157  11:33  Hydralisk x14  
  157  11:34  Hydralisk  
  185  11:57  Hydralisk x7  
  195  12:26  Hydralisk  
  195  12:27  Hydralisk x15  
  195  12:28  Hydralisk  
  151  12:45  Hydralisk  
  151  12:46  Hydralisk x7  
  161  12:55  Queen x2  
  161  12:56  Queen x4  
  163  13:08  Roach  
  163  13:09  Roach x5  
  163  13:11  Hydralisk x4  
  183  13:31  Queen x2  
  187  13:49  Hydralisk  
  187  13:50  Hydralisk x5  
  199  13:57  Hatchery  
  170  14:13  Hydralisk  
  170  14:14  Hydralisk x18  
  170  14:15  Hydralisk  
  164  14:24  Hydralisk  
  164  14:37  Hydralisk x2  
  164  14:38  Hydralisk x6  
  162  14:44  Queen  
  162  14:45  Queen x4  
  168  14:46  Queen  
  172  15:13  Spore Crawler x2  
  170  15:15  Spore Crawler  
  170  15:17  Spore Crawler  
  170  15:18  Spore Crawler x3  
  170  15:19  Spore Crawler  
  170  15:20  Spore Crawler x2  
  162  15:21  Spore Crawler  
  162  15:22  Spore Crawler x3  
  158  15:30  Spore Crawler x2  
  158  15:31  Spore Crawler  
  158  15:32  Spore Crawler  
Show
View Real Time Build Order
Export as new Build Order

IamDepth Protoss - Winner!

Build Orders: 1 Gate Expand, Carriers 

Get SALT Encoding   

  12  0:00  Probe  
  13  0:12  Probe  
  14  0:20  Pylon  
  14  0:24  Probe  
  15  0:38  Probe (Chrono Boost)  
  15  0:41  Gateway  
  17  0:50  Probe (Chrono Boost)  
  17  0:52  Assimilator  
  17  0:55  Probe (Chrono Boost)  
  18  1:07  Probe  
  19  1:29  Nexus  
  19  1:43  Zealot (Chrono Boost), Cybernetics Core  
  21  1:54  Forge  
  21  2:08  Pylon  
  21  2:17  Adept (Chrono Boost)  
  21  2:18  Pylon  
  18  2:32  Probe  
  19  2:37  Warp Gate  
  20  2:47  Probe (Chrono Boost)  
  20  2:48  Probe (Chrono Boost)  
  21  2:56  Probe (Chrono Boost)  
  21  2:57  Adept  
  25  2:59  Probe (Chrono Boost)  
  25  3:04  Probe (Chrono Boost)  
  26  3:11  Probe (Chrono Boost)  
  28  3:20  Shield Battery, Probe (Chrono Boost)  
  28  3:22  Probe (Chrono Boost)  
  29  3:27  Probe  
  29  3:29  Probe  
  29  3:30  Adept  
  33  3:41  Probe (Chrono Boost)  
  33  3:42  Stargate  
  35  3:49  Probe (Chrono Boost)  
  35  3:52  Probe (Chrono Boost)  
  35  3:55  Assimilator  
  36  3:57  Probe x2 (Chrono Boost)  
  37  4:07  Probe  
  37  4:08  Probe  
  39  4:18  Gateway  
  39  4:19  Probe  
  39  4:20  Probe  
  41  4:24  Oracle (Chrono Boost)  
  44  4:32  Probe, Adept  
  47  4:39  Probe  
  47  4:44  Probe  
  49  4:52  Probe  
  50  4:56  Probe  
  50  4:57  Oracle (Chrono Boost)  
  50  4:58  Pylon  
  50  4:59  Pylon  
  54  5:06  Pylon  
  54  5:11  Probe x2  
  54  5:18  Stalker  
  52  5:23  Probe  
  53  5:34  Adept, Nexus  
  55  5:41  Void Ray (Chrono Boost)  
  55  5:47  Adept  
  58  5:58  Adept  
  58  6:02  Gateway  
  58  6:03  Gateway  
  60  6:04  Gateway  
  60  6:06  Gateway  
  60  6:07  Twilight Council  
  60  6:24  Probe x2  
  62  6:31  Adept  
  62  6:32  Adept  
  66  6:34  Protoss Air Weapons Level 1 (Chrono Boost)  
  66  6:36  Probe x2  
  66  6:38  Nexus  
  66  6:39  Pylon  
  68  6:48  Probe x2  
  68  6:50  Assimilator  
  68  6:52  Assimilator  
  70  6:58  Sentry  
  70  7:00  Probe x2  
  74  7:01  Zealot x2  
  74  7:05  Shield Battery  
  78  7:12  Pylon  
  78  7:13  Pylon  
  78  7:14  Pylon  
  78  7:25  Void Ray (Chrono Boost)  
  78  7:27  Pylon  
  78  7:29  Pylon  
  78  7:30  Probe x2  
  84  7:41  Stargate  
  84  7:42  Probe x2  
  86  7:54  Probe x2  
  88  7:59  Void Ray (Chrono Boost)  
  92  8:07  Probe x2  
  92  8:08  Pylon  
  94  8:15  Fleet Beacon  
  94  8:17  Probe  
  94  8:18  Void Ray (Chrono Boost)  
  94  8:19  Probe x2  
  97  8:21  Assimilator  
  97  8:24  Assimilator  
  97  8:26  Forge  
  101  8:31  Probe x2, Zealot x3  
  101  8:32  Zealot x2  
  113  8:40  Probe  
  114  8:43  Probe  
  114  8:44  Void Ray (Chrono Boost)  
  115  8:49  Void Ray (Chrono Boost)  
  123  9:18  Protoss Air Weapons Level 2  
  123  9:19  Pylon  
  123  9:21  Void Ray (Chrono Boost)  
  123  9:22  Photon Cannon  
  123  9:24  Photon Cannon  
  123  9:25  Photon Cannon  
  123  9:29  Void Ray (Chrono Boost)  
  131  9:36  Stargate  
  131  9:40  Zealot x3  
  131  9:41  Zealot x3  
  143  9:47  Probe  
  144  9:57  Nexus  
  144  9:59  Pylon  
  144  10:02  Probe x3, Robotics Facility  
  147  10:11  Void Ray x2  
  147  10:12  Protoss Ground Weapons Level 1 (Chrono Boost)  
  155  10:24  Probe  
  156  10:40  Shield Battery  
  156  10:42  Shield Battery  
  156  10:43  Photon Cannon  
  156  10:44  Photon Cannon  
  156  10:45  Probe  
  156  10:48  Pylon  
  157  10:51  Pylon  
  157  10:52  Flux Vanes  
  157  10:53  Pylon  
  157  10:59  Pylon  
  157  11:00  Pylon  
  157  11:03  Pylon  
  157  11:04  Pylon  
  157  11:06  Probe  
  157  11:07  Carrier (Chrono Boost)  
  157  11:09  Void Ray (Chrono Boost), Carrier (Chrono Boost)  
  170  11:15  Zealot x3  
  170  11:16  Zealot x2  
  155  11:24  Zealot  
  143  11:31  Robotics Facility  
  141  11:35  Observer  
  142  11:54  Carrier (Chrono Boost)  
  136  11:58  Zealot x6  
  150  12:02  Assimilator  
  150  12:06  Assimilator  
  142  12:19  Zealot x6, Protoss Air Weapons Level 3  
  154  12:23  Pylon  
  154  12:24  Pylon  
  136  12:43  Shield Battery, Carrier (Chrono Boost)  
  132  12:44  Carrier (Chrono Boost)  
  132  12:45  Shield Battery  
  132  12:47  Shield Battery  
  132  12:48  Photon Cannon  
  124  12:53  Zealot x4  
  124  12:54  Zealot x2  
  124  12:58  Charge (Chrono Boost)  
  136  13:01  Pylon  
  136  13:03  Pylon  
  136  13:07  Gateway  
  136  13:08  Probe x2  
  136  13:09  Gateway  
  136  13:10  Gateway  
  138  13:15  Carrier (Chrono Boost)  
  144  13:20  Probe x2  
  145  13:27  Nexus, Observer (Chrono Boost)  
  135  13:35  Photon Cannon  
  135  13:37  Protoss Shields Level 1 (Chrono Boost)  
  135  13:39  Carrier (Chrono Boost)  
  141  13:48  Robotics Bay  
  147  13:57  Carrier (Chrono Boost)  
  147  14:01  Pylon  
  147  14:06  Zealot x4  
  147  14:07  Zealot x2  
  159  14:14  Zealot x2  
  159  14:15  Zealot  
  155  14:29  Zealot  
  155  14:30  Zealot x4  
  163  14:43  Dark Shrine  
  163  14:48  Zealot x4  
  165  15:02  Observer (Chrono Boost)  
  165  15:05  Probe  
  167  15:08  Photon Cannon  
  167  15:09  Shield Battery  
  167  15:10  Probe  
  168  15:15  Observer (Chrono Boost)  
  168  15:17  Probe  
  170  15:26  Zealot x5  
  172  15:28  Zealot  
  172  15:29  Probe  
  163  15:41  Probe  
  159  15:45  Zealot x2  
  159  15:46  Zealot x2  
Tags
 
Add a new tag
Caveats
  • Supply blocks, unpowered buildings, or Contaminate may cause inaccurate times.
  • Supply counts are checked every 10 seconds.